 Dungeon Crawl Stone Soup version 0.30.1-4-g462c640d31 (webtiles) character file.

Game seed: 4197989147417646009

11078 Gabide the Zephyrmancer (level 11, 0/89 HPs)
             Began as a Demigod Air Elementalist on Sept 6, 2023.
             Slain by a death yak (17 damage)
             ... on level 1 of the Lair of Beasts on Sept 7, 2023.
             The game lasted 00:22:57 (16581 turns).

Gabide the Zephyrmancer (Demigod Air Elementalist) Turns: 16581, Time: 00:22:57

Health: 0/89       AC: 11    Str:  9    XL:     11   Next: 21%
Magic:  38/38      EV: 14    Int: 29    God:
Gold:   503        SH:  0    Dex: 14    Spells: 20/30 levels left

rFire   . . .        a - +1 dagger (speed)
rCold   . . .        (no shield)
rNeg    . . .        E - +0 steam dragon scales
rPois   .            e - +2 helmet
rElec   .            (no cloak)
rCorr   .            (no gloves)
SInv    .            H - +2 pair of boots
Will    +....        G - amulet of regeneration
Stlth   ++           v - ring of magical power
HPRegen 1.14/turn    x - ring of wizardry
MPRegen 0.26/turn

%: wizardry (x1)
@: about to teleport
A: high MP 1, forlorn, divine attributes
a: no special abilities


You were on level 1 of the Lair of Beasts.
You visited 3 branches of the dungeon, and saw 12 of its levels.

You collected 851 gold pieces.
You spent 348 gold pieces at shops.

Inventory:

Hand Weapons
 a - a +1 dagger of speed (weapon)
 b - a +0 sling
Missiles
 h - 20 boomerangs
 s - 3 throwing nets
Armour
 e - a +2 helmet (worn)
 g - a +0 robe of willpower
 A - a +2 buckler
 E - +0 steam dragon scales (worn)
 H - a +2 pair of boots (worn)
 K - +2 swamp dragon scales
Jewellery
 j - an amulet of the acrobat
 v - a ring of magical power (left hand)
 x - a ring of wizardry (right hand)
 B - the ring of Anarchy {Fire rN+ Will+ rCorr Str+3}
   (You bought it in a shop on level 7 of the Dungeon)

   [ring of fire]

   It enhances your fire magic.
   Str:       It affects your strength (+3).
   rF:        It protects you from fire.
   rC:        It makes you vulnerable to cold.
   rN:        It protects you from negative energy.
   rCorr:     It protects you from acid and corrosion.
   Will:      It increases your willpower.
 C - a +4 ring of slaying
 G - an amulet of regeneration (around neck)
Wands
 w - a wand of roots (37)
 y - a wand of mindburst (5)
 z - a wand of polymorph (14)
 F - a wand of flame (6)
Scrolls
 l - a scroll of magic mapping
 o - a scroll of poison
 p - 2 scrolls of teleportation
 I - 3 scrolls of enchant armour
Potions
 c - 2 potions of lignification
 d - 2 potions of attraction
 f - 3 potions of haste
 i - a potion of berserk rage
 k - 2 potions of curing
 m - 5 potions of flight
 n - 3 potions of magic
 q - 2 potions of brilliance
 r - 5 potions of heal wounds
 t - 2 potions of resistance
 u - a potion of mutation
 D - 2 potions of ambrosia


   Skills:
 - Level 6.0 Fighting
 - Level 6.0 Dodging
 - Level 3.0 Stealth
 + Level 10.0 Spellcasting
 - Level 1.0 Conjurations
 + Level 10.1 Air Magic


You had 20 spell levels left.
You knew the following spells:

 Your Spells              Type           Power      Damage    Failure   Level
a - Shock                 Conj/Air       100%       1d9       1%          1
b - Static Discharge      Conj/Air       92%        2-6/arc   1%          2
c - Swiftness             Air            65%        N/A       1%          3
d - Airstrike             Air            32%        2d(5-21)  1%          4

Your spell library contained the following spells:

 Spells                   Type           Power      Damage    Failure   Level
 Foxfire                  Conj/Fire      68%        2x1d7     1%          1
 Magic Dart               Conj           80%        1d7       1%          1
 Slow                     Hex            56%        N/A       1%          1
 Searing Ray              Conj           40%        2d5       1%          2
 Lesser Beckoning         Tloc           28%        N/A       2%          2
 Stone Arrow              Conj/Erth      34%        3d9       3%          3
 Confusing Touch          Hex            14%        N/A       4%          3
 Gell's Gravitas          Tloc           14%        N/A       4%          3
 Inner Flame              Hex/Fire       14%        N/A       4%          3
 Teleport Other           Tloc           14%        N/A       4%          3
 Vampiric Draining        Necr           14%        2d7       4%          3
 Flame Wave               Conj/Fire      17%        2d7       12%         4
 Fulminant Prism          Conj/Hex       8%         3d7       12%         4
 Sticky Flame             Conj/Fire      17%        2d4       12%         4
 Animate Armour           Summ/Erth      28%        N/A       16%         4
 Plasma Beam              Fire/Air       21%        2x1d36    26%         6
 Fireball                 Conj/Fire      8%         3d6       32%         5
 Starburst                Conj/Fire      8%         6d4       86%         6
 Lehudib's Crystal Spear  Conj/Erth      8%         10d4      100%        8


Dungeon Overview and Level Annotations

Branches:
Dungeon (9/15)             Temple (1/1) D:7            Lair (2/5) D:9
    Orc (0/2) D:9
  Swamp: Lair:2-3    Shoals: Lair:2-3     Snake: Lair:2-3    Spider: Lair:2-3

Shops:
D:7 *

Annotations:
D:8 2 transporters, ghwc's ghost, novice TrCA


Innate Abilities, Weirdness & Mutations

You have an increased reservoir of magic. (+10% MP)
You shall have no god before yourself.
Your divine heritage dramatically boosts your attributes as you level up.


Message History

Casting: Static Discharge (safe; 1% risk of failure)
Confirm with . or Enter, or press ? or * to list all spells.
The water moccasin is struck by an arc of lightning!
The water moccasin is almost dead.
You are struck by an arc of lightning.
The water moccasin is struck by an arc of lightning!
You kill the water moccasin!
You are struck by an arc of lightning.
The lightning grounds out.
You feel very sick.
Your Spellcasting skill increases to level 10!
You feel sick.
You feel very sick.
You feel sick.
You feel sick.
You feel sick.
You feel sick.
You feel sick.
You feel sick.
You feel sick.
You are no longer poisoned.
HP restored.
Magic restored.
Done exploring.
You climb downwards.
A blink frog comes into view.
The death yak gores you but does no damage.
The death yak gores you. The death yak gores you!!
There is a stone staircase leading up, spattered with blood here.
The death yak gores you!! The death yak gores you!
The death yak gores you but does no damage.
You climb upwards.
There is a stone staircase leading down here.
As you read the scroll of teleportation, it crumbles to dust.
You feel strangely unstable. The death yak gores you!
* * * LOW HITPOINT WARNING * * *
The death yak gores you.
* * * LOW HITPOINT WARNING * * *
The death yak gores you but does no damage.
The death yak attacks as you move away! The death yak gores you!
You die...

#.....## #.....### #..#.
##....# ###.....# #....
#....###.......# #....
##....P.......P### #....
###.###............# ##....
#..#####...........###...#.
#####P#........##....#..#..
#P.......Y....######.....#.
##.####..Y@†...# ###....#
#..# #...Y...## #......
#.## ##.....## ##..... #.##
#.....##### ##..... ##.#
#.........####...... ####
#...................
##.###.....#####.........
#...##....### ##........
#..........P####......#..


You could see 3 death yaks.

Vanquished Creatures
  An obsidian statue (D:9)
  A cyclops (D:9)
  Maggie (Lair:2)
  3 cane toads (Lair:1)
  2 komodo dragons
  Psyche (D:9)
  A troll (D:7)
  2 hornets (D:9)
  10 blink frogs
  A wyvern (D:7)
  11 yaks
  2 steam dragons
  An acid dragon (D:9)
  Edmund (D:5)
  2 water moccasins
  2 black bears (D:8)
  3 orc warriors
  An ogre (D:5)
  2 centaurs
  A phantom (D:6)
  3 gnoll sergeants
  4 bullfrogs
  5 kobold brigands
  5 scorpions
  3 wights (D:9)
  5 killer bees
  A howler monkey (D:6)
  8 hounds
  A jelly (D:4)
  2 gnoll boudas
  2 iguanas
  4 orc priests
  A sleepcap (D:6)
  6 orc wizards
  22 gnolls
  5 adders
  A shadow imp (D:7)
  3 white imps
  2 dart slugs
  2 worms (D:2)
  43 orcs
  4 bats
  An endoplasm (D:4)
  3 giant cockroaches
  9 hobgoblins
  8 jackals
  25 kobolds
  7 ball pythons
  4 frilled lizards
  9 goblins
  3 rats
250 creatures vanquished.

Notes
Turn   | Place    | Note
-------+----------+-------------------------------------------
     0 | D:1      | Gabide the Demigod Air Elementalist began the quest for the
                  | Orb.
     0 | D:1      | Reached XP level 1. HP: 14/14 MP: 5/5
   181 | D:1      | Reached skill level 1 in Conjurations
   478 | D:1      | Reached XP level 2. HP: 20/20 MP: 1/7
  2044 | D:2      | Reached XP level 3. HP: 26/26 MP: 0/8
  3182 | D:3      | Reached XP level 4. HP: 19/33 MP: 2/10
  3749 | D:4      | Reached skill level 1 in Fighting
  3876 | D:4      | Reached XP level 5. HP: 31/40 MP: 10/12
  4344 | D:4      | Reached XP level 6. HP: 51/51 MP: 3/13
  4347 | D:4      | Learned a level 2 spell: Static Discharge
  4351 | D:4      | Learned a level 3 spell: Swiftness
  5553 | D:5      | Entered Level 5 of the Dungeon
  5692 | D:5      | You fall into a shaft and drop 1 floor!
  5880 | D:5      | Reached XP level 7. HP: 57/57 MP: 10/16
  6317 | D:5      | Noticed Edmund
  6378 | D:5      | HP: 2/85 [Edmund/+2 flail of holy wrath (6)]
  6381 | D:5      | Killed Edmund
  6382 | D:5      | Reached skill level 5 in Air Magic
  6810 | D:5      | Reached skill level 5 in Spellcasting
  7781 | D:6      | Learned a level 4 spell: Airstrike
  7813 | D:6      | Reached XP level 8. HP: 63/63 MP: 15/19
  9096 | D:7      | Found a staircase to the Ecumenical Temple.
  9191 | Temple   | Entered the Ecumenical Temple
  9711 | D:7      | Noticed a troll
  9719 | D:7      | Killed a troll
  9939 | D:7      | Reached XP level 9. HP: 69/69 MP: 0/23
 10117 | D:7      | Found Ebyff's Assorted Antiques.
 10221 | D:7      | Bought a bound lead ring for 130 gold pieces
 10221 | D:7      | Identified the ring of Anarchy {Fire rN+ Will+ rCorr Str+3}
                  | (You bought it in a shop on level 7 of the Dungeon)
 10221 | D:7      | Bought an orange potion for 23 gold pieces
 10221 | D:7      | Bought a scroll of enchant armour for 195 gold pieces
 11214 | D:8      | Found a transporter.
 11255 | D:8      | Noticed ghwc's ghost (novice TrCA)
 11256 | D:8      | Noticed a moth of wrath
 11264 | D:8      | Found a transporter.
 11673 | D:9      | Found a staircase to the Lair.
 11678 | D:9      | Noticed an obsidian statue
 11686 | D:9      | Identified the +1 robe of Karinum {*Slow +Inv rCorr Slay+4}
 11686 | D:9      | Noticed Psyche
 11689 | D:9      | Killed Psyche
 13013 | D:9      | Found a staircase to the Orcish Mines.
 13337 | D:9      | Reached XP level 10. HP: 77/77 MP: 27/27
 13784 | D:9      | Noticed a cyclops
 13790 | D:9      | Killed a cyclops
 14095 | D:9      | Killed an obsidian statue
 14202 | Lair:1   | Entered Level 1 of the Lair of Beasts
 14214 | Lair:1   | Reached skill level 5 in Fighting
 14214 | Lair:1   | Reached skill level 5 in Dodging
 15806 | Lair:2   | Reached XP level 11. HP: 89/89 MP: 7/28
 16000 | Lair:2   | Noticed Maggie
 16011 | Lair:2   | Killed Maggie
 16170 | Lair:1   | Reached skill level 10 in Air Magic
 16414 | Lair:2   | Noticed a death yak
 16416 | Lair:2   | Noticed a death yak
 16417 | Lair:2   | Noticed a death yak
 16418 | Lair:2   | Noticed a death yak
 16455 | Lair:1   | Reached skill level 10 in Spellcasting
 16581 | Lair:1   | Slain by a death yak

Illustrated notes

Levels and vault maps discovered:
D:1:      dpeg_arrival_round_a, layout_rooms
D:2:      layout_basic
D:3:      layout_loops_cross
D:4:      kennysheep_six_static_rooms, layout_basic, nzn_wu_jian_contemplation,
          old_standard_altar, nicolae_gozag_cash_rules_everything_around_me
D:5:      layout_loops_corners, nicolae_uskayaw_murder_on_the_dancefloor,
          marbit_many_paths, minmay_gold_behind_fungi, uniq_edmund
D:6:      minmay_angry_zag, layout_gridville, mainiacjoe_overflow_tiny_flanked
D:7:      layout_loops_cross, amcnicky_altar_gilded, fedhas_altar_3,
          temple_green, serial_shops, nicolae_shop_tiny_real_fake_doors
D:8:      layout_rooms, trog_ov_bears_minmay, kennysheep_mini_moat,
          gammafunk_ghost_berserking_beasts, minmay_misc_feat_four_crosses
D:9:      wad_cavern_with_rooms, layout_irregular_city,
          grunt_temple_overflow_open, lair_entry_dummy, hiddenorc2_lemuel,
          minivault_16, kennysheep_generic_room_13, uniq_psyche
Temple:   hellmonk_temple_forest_ring
Lair:1:   layout_layer_cave, serial_bayou_shore_b
Lair:2:   layout_loops_ring, swamp_mist, spider_nest_entry_webs,
          grunt_megastairs_5, uniq_maggie

Skill      XL: |  1  2  3  4  5  6  7  8  9 10 11 |
---------------+----------------------------------+-----
Conjurations   | 1 |  1.0
Dodging        | 2 3 6 |  6.0
Stealth        | 2 3 |  3.0
Spellcasting   | 2 3 4 5 7 9 10 | 10.0
Air Magic      | 3 4 5 7 9 10 | 10.1
Fighting       | 1 3 6 |  6.0

Action                     |  1- 3 |  4- 6 |  7- 9 | 10-12 || total
---------------------------+-------+-------+-------+-------++-------
  Melee: Unarmed           |     6 |       |       |       ||     6
         Short sword       |     2 |    21 |       |       ||    23
         Dagger            |       |     2 |    21 |    38 ||    61
         Punch             |       |       |     2 |     1 ||     3
  Throw: Throwing net      |       |       |     2 |       ||     2
   Cast: Shock             |   126 |   127 |    64 |       ||   317
         Static Discharge  |       |    20 |    54 |    12 ||    86
         Airstrike         |       |       |   143 |    91 ||   234
         Swiftness         |       |       |     4 |       ||     4
    Use: Scroll            |     8 |       |    11 |     4 ||    23
         Potion            |       |       |     6 |       ||     6
 Armour: Robe              |     5 |    23 |     6 |     1 ||    35
         Skin              |       |       |     3 |       ||     3
         Steam dragon scal |       |       |       |    24 ||    24
  Dodge: Dodged            |    19 |    70 |    70 |    51 ||   210
